[Event "Titled Tuesday Blitz September 27 Late 2022"]
[White "Soham Kamotra"]
[Black "Rosenberg, Evan S"]
[WhiteFideId "46647490"]
[BlackFideId "2019299"]
[WhiteElo "2082"]
[BlackElo "2401"]
[Result "1-0"]
[Round "04"]
[TimeControl "180+1"]
[Date "2022.09.28"]
[WhiteClock "0:00:21"]
[BlackClock "0:00:08"]

1. b3 e5 2. Bb2 Nc6 3. c4 f5 4. Nc3 Nf6 5. g3 Bb4 6. Bg2 a5 7. e3 d6 8. Nge2 e4 9. O-O Ne5 10. Nf4 c6 11. d4 Nf3+ 12. Bxf3 exf3 13. Qxf3 Bxc3 14. Bxc3 Ne4 15. Rac1 O-O 16. Qe2 Qe8 17. f3 Nxc3 18. Rxc3 g5 19. Nd3 f4 20. gxf4 gxf4 21. Nxf4 Kh8 22. Kf2 Bf5 23. Rg1 Qe7 24. Ke1 Rae8 25. Kd2 Qh4 26. Rg3 Bd7 27. Qf2 Rxf4 28. exf4 Qxf4+ 29. Kc2 Bf5+ 30. Kb2 Bg6 31. Rg1 b5 32. cxb5 cxb5 33. Rd1 b4 34. Rcc1 a4 35. Qd2 a3+ 36. Ka1 Qxf3 37. Qxb4 Bh5 38. Qxa3 Qg2 39. Qb2 Re2 40. Qa3 Re8 41. Rg1 Qxh2 42. Qb2 Qf4 43. d5+ Qe5 44. Qxe5+ dxe5 45. Rce1 e4 46. Rg5 Bf3 47. d6 Rd8 48. Rd5 e3 49. Rd3 Kg7 50. Rexe3 Bc6 51. Rd2 Kf6 52. Kb2 h5 53. Rc3 Be4 54. Rc4 Bf5 55. Rc5 Bg4 56. b4 h4 57. Rd4 Bf5 58. Rxh4 Rxd6 59. Rf4 Rd2+ 60. Kc1 Rxa2 61. Rcxf5+ Ke6 62. Rc5 Kd6 63. Rfc4 Ra1+ 64. Kd2 Ra2+ 65. Rc2 Ra3 66. Rb2 Rh3 67. Kc2 Rh2+ 68. Kb1 Rh1+ 69. Ka2 Rh3 70. Ra5 Kc6 71. Ra3 Rh5 72. b5+ Kb6 73. Ra6+ Kb7 74. Rf6 Rh7 75. b6 Rg7 76. Rf3 Rh7 77. Ra3 Rh1 78. Ra7+ Kb8 79. Rf7 Ka8 80. b7+ Kb8 81. Rf8+ Kc7 82. b8=Q+ Kd7 83. Qe8+ Kc7 84. Qe7+ Kc6 85. Rf6+ Kd5 86. Qd6+ Ke4 87. Rf4+ Ke3 88. Qd4# 1-0


[Site "https://www.chess.com"]

[Event "Titled Tuesday Blitz September 27 Late 2022"]
[White "Stanisz, Patryk"]
[Black "Manukyan, Artyom"]
[WhiteFideId "1123106"]
[BlackFideId "13305786"]
[WhiteElo "1833"]
[BlackElo "2078"]
[Result "1/2-1/2"]
[Round "04"]
[TimeControl "180+1"]
[Date "2022.09.28"]
[WhiteClock "0:00:08"]
[BlackClock "0:00:07"]

1. d4 Nf6 2. c4 c5 3. Nf3 cxd4 4. Nxd4 g6 5. Nc3 Bg7 6. e4 Nc6 7. Be2 Nxd4 8. Qxd4 d6 9. O-O O-O 10. Qd1 Qa5 11. Be3 a6 12. f3 Be6 13. Rc1 Rfc8 14. b3 b5 15. e5 dxe5 16. c5 Rd8 17. Qc2 Nd5 18. Nxd5 Bxd5 19. Bd2 Qc7 20. b4 a5 21. bxa5 Bc6 22. Bb4 Rd4 23. Bc3 Ra4 24. Qb3 Qb7 25. Rb1 Qa7 26. Bb4 e6 27. a3 Bf8 28. Qc3 Bg7 29. Qe3 h5 30. Rfd1 Bf8 31. Qxe5 Bg7 32. Qd6 Bd5 33. Bxb5 Rxa5 34. Bxa5 Bf8 35. Qb6 Bxc5+ 36. Kh1 Bxb6 37. Bxb6 Qxb6 38. Bc4 Qf2 39. Bxd5 exd5 40. Rxd5 Rxa3 41. Rg1 Ra2 42. Rd8+ Kg7 43. Rc8 h4 44. h3 Re2 45. Rc4 Qg3 46. Rg4 Qf2 47. Rc4 f5 48. Rc7+ Kh6 49. Rc4 g5 50. Rc6+ Kh5 51. Rc8 g4 52. fxg4+ fxg4 53. Rh8+ Kg6 54. Rg8+ Kf5 55. Rxg4 Rd2 56. Kh2 Rd4 57. Rg8 Ke6 58. Rg6+ Kf7 59. Rg4 Rxg4 60. hxg4 Qg3+ 61. Kh1 Qxg4 62. Rf1+ Kg6 63. Rf3 Kg5 64. Kh2 Qd4 65. Rh3 Qe5+ 66. Kh1 Kg4 67. Rf3 Qe1+ 68. Kh2 Qe2 69. Kh1 Qe1+ 70. Kh2 Qe5+ 71. Kh1 Qd6 72. Kg1 Qd4+ 73. Kh2 Qd1 74. Rh3 Qe2 75. Kh1 Qf1+ 76. Kh2 Qf4+ 77. Kh1 Qf1+ 78. Kh2 Kg5 79. Rf3 Qe2 80. Kh1 Qe1+ 81. Kh2 Qe5+ 82. Kh1 Kg4 83. Kg1 Kg5 84. Kh1 Kh5 85. Kg1 Qb2 86. Kh2 Qe2 87. Rf5+ Kg4 88. Rf3 Qe1 89. Rh3 Qf2 90. Kh1 Qe2 91. Kh2 Qd2 92. Kh1 Qd6 93. Kg1 Qd1+ 94. Kh2 Qe2 95. Kh1 Qf1+ 1/2-1/2


[Site "https://www.chess.com"]

[Event "Titled Tuesday Blitz September 27 Late 2022"]
[White "Stoyanov, Tsvetan"]
[Black "Cruz Mendez, Jean Marco"]
[WhiteFideId "2917173"]
[BlackFideId "3526402"]
[WhiteElo "2283"]
[BlackElo "2064"]
[Result "1/2-1/2"]
[Round "04"]
[TimeControl "180+1"]
[Date "2022.09.28"]
[WhiteClock "0:00:03"]
[BlackClock "0:00:11"]

1. e4 c5 2. Nf3 Nc6 3. Bb5 g6 4. O-O Bg7 5. Re1 Nf6 6. Nc3 O-O 7. e5 Ne8 8. Bxc6 dxc6 9. h3 Nc7 10. d3 b6 11. Ne4 a5 12. a4 Ne6 13. Be3 Nd4 14. Bf4 Be6 15. Ned2 Bd5 16. c3 Ne6 17. Bg3 Ra7 18. Qe2 Rd7 19. Nh2 b5 20. Qe3 Bxg2 21. Kxg2 Rxd3 22. Qe4 Rxd2 23. Qxc6 b4 24. Rab1 Qd5+ 25. Qxd5 Rxd5 26. Ng4 Rfd8 27. Ne3 R5d7 28. Nc4 Ra7 29. Rbd1 Raa8 30. Rxd8+ Rxd8 31. Nxa5 Ra8 32. Nc6 Rxa4 33. cxb4 cxb4 34. Nxe7+ Kf8 35. Nd5 Ra2 36. Rc1 Bh6 37. Rc8+ Kg7 38. Nf6 Bg5 39. Rg8+ Kh6 40. Ng4+ Kh5 41. Rh8 h6 42. f4 Nxf4+ 43. Bxf4 Bxf4 44. Kf3 Bg5 45. Rf8 Rxb2 46. Rxf7 Rb3+ 47. Ke4 Rxh3 48. Nf2 Re3+ 49. Kd5 b3 50. Rb7 Re2 51. Nd3 b2 52. Nxb2 Bf4 53. Nc4 Bxe5 54. Nxe5 g5 55. Rh7 Rd2+ 56. Ke6 Re2 57. Kf6 Rf2+ 58. Kg7 g4 59. Rxh6+ Kg5 60. Rg6+ Kf5 61. Nxg4 Re2 62. Nh6+ Kf4 63. Rg4+ Kf3 64. Ra4 Re7+ 65. Kf6 Rb7 66. Nf5 Rb6+ 67. Kg5 Rb5 68. Ra3+ Kg2 69. Kg4 Rb4+ 70. Kg5 Rb5 71. Rd3 Rb4 72. Kf6 Rb5 73. Rd4 Ra5 74. Kg5 Rb5 75. Kf4 Rb2 76. Ne3+ Kf2 77. Ng4+ Kg2 78. Re4 Rc2 79. Kg5 Rc5+ 80. Kh4 Rc2 81. Rf4 Ra2 82. Rc4 Kf3 83. Ne5+ Ke3 84. Kg5 Ra5 85. Kf5 Kd2 86. Rh4 Ra8 87. Rh3 Rf8+ 88. Ke4 Ra8 89. Rd3+ Kc2 90. Nc4 Rc8 91. Ne3+ Kb2 92. Kd4 Rd8+ 93. Nd5 Rc8 94. Rd2+ Kc1 95. Rh2 Kb1 96. Kd3 Rd8 97. Kd4 Rd7 98. Kc4 Rd8 99. Nc3+ Kc1 100. Kb3 Rb8+ 101. Kc4 Rc8+ 102. Kd4 Rd8+ 103. Nd5 Rd7 104. Rg2 Rd8 105. Ke4 Re8+ 106. Kd3 Rd8 107. Rg5 Rd7 108. Kc3 Kd1 109. Kd3 Kc1 110. Kc4 Rd8 111. Rg2 1/2-1/2


[Site "https://www.chess.com"]

[Event "Titled Tuesday Blitz September 27 Late 2022"]
[White "Suder, Jakub"]
[Black "Bryakin, Mikhail"]
[WhiteFideId "1195310"]
[BlackFideId "4165314"]
[WhiteElo "2174"]
[BlackElo "2357"]
[Result "0-1"]
[Round "04"]
[TimeControl "180+1"]
[Date "2022.09.28"]
[WhiteClock "0:00:02"]
[BlackClock "0:00:34"]

1. d4 d5 2. c4 c6 3. cxd5 cxd5 4. Bg5 f6 5. Bd2 Nc6 6. Nc3 Nxd4 7. e3 Nc6 8. Qh5+ g6 9. Qxd5 Qxd5 10. Nxd5 Kf7 11. Rd1 e6 12. Nc7 Rb8 13. Bc3 Bb4 14. Ne2 Nge7 15. Nb5 a6 16. Nd6+ Kg7 17. a3 Bxc3+ 18. Nxc3 Rd8 19. Bc4 b5 20. Ba2 Bd7 21. b4 Nf5 22. Ke2 Ne5 23. Nce4 Bc6 24. f3 Bxe4 25. Nxe4 Nc4 26. Bxc4 bxc4 27. Nc5 Kf7 28. Nd7 Rbc8 29. Nb6 Rxd1 30. Rxd1 Rc6 31. Na4 Nd6 32. Nc3 Ke7 33. a4 Rb6 34. Rb1 f5 35. e4 Kf6 36. Ke3 g5 37. Kd4 Ke7 38. e5 Nf7 39. b5 a5 40. g3 f4 41. gxf4 gxf4 42. Re1 Rb8 43. Kxc4 Ng5 44. Rf1 Nf7 45. Re1 Ng5 46. Rg1 Nxf3 47. Rg7+ Kf8 48. Rxh7 Nxe5+ 49. Kd4 Ng6 50. Ke4 Rc8 51. Ne2 Rc4+ 52. Kd3 Rb4 53. Nc3 Ne5+ 54. Kc2 f3 55. Nd1 Kg8 56. Rh5 Nc4 57. Rh3 Na3+ 58. Kd2 Rxa4 59. Rxf3 Nxb5 60. Re3 Kg7 61. Rxe6 Ra2+ 62. Ke1 Nd4 63. Re4 Nf3+ 64. Kf1 Nd2+ 0-1


[Site "https://www.chess.com"]

[Event "Titled Tuesday Blitz September 27 Late 2022"]
[White "Svane, Rasmus"]
[Black "Yanchenko, Roman"]
[WhiteFideId "4657101"]
[BlackFideId "4137329"]
[WhiteElo "2674"]
[BlackElo "2514"]
[Result "1-0"]
[Round "04"]
[TimeControl "180+1"]
[Date "2022.09.27"]
[WhiteClock "0:00:06"]
[BlackClock "0:00:05"]

1. Nf3 d5 2. g3 Bf5 3. Bg2 e6 4. c4 c6 5. Qb3 Qb6 6. O-O Nf6 7. d3 Nbd7 8. cxd5 exd5 9. Qc2 Be7 10. Nc3 O-O 11. e4 dxe4 12. dxe4 Bg6 13. Be3 Qa5 14. Rad1 Bc5 15. Nd4 Bb6 16. h3 Rae8 17. f4 h6 18. Kh1 Bh5 19. Rde1 Bg6 20. Bf2 Bh7 21. a3 Qa6 22. Nb3 Qc4 23. Nd2 Qe6 24. Bxb6 axb6 25. Qb3 Qxb3 26. Nxb3 Nc5 27. Nxc5 bxc5 28. g4 Re7 29. Kh2 Rfe8 30. e5 Nd7 31. Rd1 Bc2 32. Rd2 Bb3 33. Ne4 f6 34. Nd6 Rb8 35. Nf5 Rf7 36. exf6 Nxf6 37. Re1 Bd5 38. Ne7+ Kf8 39. Nxd5 cxd5 40. Re5 Rd8 41. f5 b6 42. Kg3 Rfd7 43. h4 Re7 44. Rxe7 Kxe7 45. g5 hxg5 46. hxg5 Nh7 47. Kf4 d4 48. Re2+ Kd7 49. Be4 Nf8 50. f6 gxf6 51. gxf6 Ne6+ 52. Ke5 Ng5 53. Bf5+ Kc7 54. Rg2 Re8+ 55. Kf4 d3 56. Kxg5 Re2 57. Rg1 d2 58. Rd1 Rg2+ 59. Kf4 Rf2+ 60. Ke5 Re2+ 61. Be4 Rf2 62. f7 Rxf7 63. Rxd2 Re7+ 64. Kf4 b5 65. Ke3 Kb6 66. Rg2 Ka5 67. Kd3 c4+ 68. Kd4 Rd7+ 69. Kc3 Re7 70. Bc2 Re3+ 71. Kd2 Rh3 72. Rf2 Rh5 73. Bd1 Rd5+ 74. Kc2 b4 75. axb4+ Kxb4 76. Be2 Re5 77. Bf1 Re4 78. Rd2 Rf4 79. Be2 Rf2 80. Bd1 Rf4 81. Rg2 Rh4 82. Be2 Re4 83. Rf2 Re3 84. Rh2 Re4 85. Rg2 Re3 86. Kd2 Rb3 87. Kc2 Re3 88. Bd1 Re4 89. Rg8 Rh4 90. Rb8+ Kc5 91. Be2 Rh2 92. Kd2 Rh4 93. Rc8+ Kb4 94. Rb8+ Kc5 95. Re8 Kb4 96. Re7 Rd4+ 97. Kc2 Rh4 98. Rb7+ Kc5 99. Rf7 Kb4 100. Rf5 Re4 101. Bf1 Rh4 102. Rf6 Rh2+ 103. Kb1 c3 104. Rb6+ Kc5 105. Rb5+ Kd4 106. Rb4+ Ke3 107. bxc3 Rh1 108. Kc2 Rxf1 109. Rd4 Rg1 110. Rh4 Rg8 111. c4 Ke2 112. Kc3 Ke3 113. c5 Rg1 114. Kc4 Rc1+ 115. Kd5 Rd1+ 116. Kc6 Rc1 117. Kd6 Rh1 118. Rxh1 1-0


[Site "https://www.chess.com"]

[Event "Titled Tuesday Blitz September 27 Late 2022"]
[White "Tari, Aryan"]
[Black "Navarrete Mendez, Gonzalo Alberto"]
[WhiteFideId "1510045"]
[BlackFideId "5106850"]
[WhiteElo "2612"]
[BlackElo "2261"]
[Result "1-0"]
[Round "04"]
[TimeControl "180+1"]
[Date "2022.09.27"]
[WhiteClock "0:01:43"]
[BlackClock "0:02:37"]

1. e4 e5 2. Nf3 Nc6 3. Bb5 a6 4. Ba4 d6 5. Bxc6+ bxc6 6. d4 f6 7. c4 g6 8. h3 Nh6 9. Nc3 Nf7 10. O-O Bg7 11. b3 O-O 12. Be3 Qe7 13. Qd2 f5 14. exf5 gxf5 15. Rae1 e4 16. Nh2 Be6 1-0


[Site "https://www.chess.com"]

[Event "Titled Tuesday Blitz September 27 Late 2022"]
[White "Tologon tegin, Semetei"]
[Black "Lin, Dachey"]
[WhiteFideId "13800574"]
[BlackFideId "2029650"]
[WhiteElo "2174"]
[BlackElo "2313"]
[Result "1/2-1/2"]
[Round "04"]
[TimeControl "180+1"]
[Date "2022.09.28"]
[WhiteClock "0:00:05"]
[BlackClock "0:00:22"]

1. Nf3 g6 2. g3 Bg7 3. Bg2 Nf6 4. b3 O-O 5. Bb2 b6 6. O-O Bb7 7. c4 d6 8. d4 Nbd7 9. Nc3 Ne4 10. Qc2 Nxc3 11. Bxc3 e6 12. e4 Qe7 13. e5 Rfd8 14. exd6 cxd6 15. Rfe1 Rac8 16. Qd2 Nf6 17. d5 e5 18. a4 Qc7 19. Bb2 Nd7 20. Qe2 Nc5 21. Nd2 Re8 22. b4 Na6 23. Bc3 f5 24. Rec1 e4 25. Bxg7 Qxg7 26. Rab1 Qd4 27. Nb3 Qd3 28. Qxd3 exd3 29. Nd4 d2 30. Rd1 Rxc4 31. Rxd2 Nxb4 32. h4 Bxd5 33. Bxd5+ Nxd5 34. Nb5 Nc3 35. Nxc3 Rxc3 36. Rxd6 Ra3 37. Rd7 f4 38. Rc1 fxg3 39. Rcc7 gxf2+ 40. Kxf2 Rf8+ 41. Ke2 Re8+ 42. Kd2 Ra2+ 43. Kd1 Rf2 44. Rxh7 a5 45. Rcg7+ Kf8 46. Rxg6 Rf4 47. Rh8+ Kf7 48. Rxe8 Kxg6 49. Re6+ Kh5 50. Rxb6 Rxa4 51. Kc2 Ra1 52. Kb2 Ra4 53. Kb3 Ra1 54. Kb2 Ra4 55. Kb3 Ra1 56. Kb2 1/2-1/2


[Site "https://www.chess.com"]

[Event "Titled Tuesday Blitz September 27 Late 2022"]
[White "Van Foreest, Jorden"]
[Black "Daggupati, Balaji"]
[WhiteFideId "1039784"]
[BlackFideId "2090759"]
[WhiteElo "2649"]
[BlackElo "2783"]
[Result "1-0"]
[Round "04"]
[TimeControl "180+1"]
[Date "2022.09.27"]
[WhiteClock "0:00:23"]
[BlackClock "0:00:01"]

1. e4 c5 2. Nf3 e6 3. d4 cxd4 4. Nxd4 Nf6 5. Nc3 Nc6 6. Ndb5 d6 7. Bf4 e5 8. Bg5 a6 9. Na3 b5 10. Nd5 Be7 11. Bxf6 Bxf6 12. c3 Bg5 13. Nc2 O-O 14. Be2 Kh8 15. a4 bxa4 16. Rxa4 a5 17. O-O f5 18. exf5 Bxf5 19. Nce3 Be6 20. Bg4 Bf7 21. g3 Rb8 22. Qe2 Bg6 23. h4 Bh6 24. Rd1 Be8 25. Rc4 Ne7 26. Nxe7 Qxe7 27. Nf5 Rxf5 28. Bxf5 Bb5 29. Bd3 Bxc4 30. Bxc4 e4 31. Rd4 e3 32. f4 g6 33. Bd3 Qb7 34. Rxd6 Qxb2 35. Rd8+ Kg7 36. Rd7+ Kh8 37. Rd8+ Kg7 38. Rxb8 Qxb8 39. Qxe3 Qd6 40. Kh2 Kf6 41. Bc4 Bf8 42. Qa7 Be7 43. Qxa5 h6 44. Qd5 Qxd5 45. Bxd5 g5 46. Be4 gxh4 47. gxh4 Bd6 48. Kg3 Bc7 49. c4 Bb6 50. Kg4 Bc5 51. Kf3 Bb6 52. Bd3 Bc5 53. h5 Bg1 54. Ke4 Ke6 55. Be2 Bf2 56. Bg4+ Kf6 57. Bd7 Ke7 58. Bc8 Kd8 59. Be6 Ke7 60. Ke5 Bg3 61. Bg4 Bh2 62. c5 Bg1 63. c6 Bb6 64. Bf3 Bc7+ 65. Kf5 Kf7 66. Bd5+ Ke7 67. Ke4 Kf6 68. Bc4 Bb8 69. Bd3 Bc7 70. f5 Bb8 71. Kd5 Bc7 72. Kc5 Ke5 73. Kb5 1-0


[Site "https://www.chess.com"]

[Event "Titled Tuesday Blitz September 27 Late 2022"]
[White "Vasquez Schroeder, Rodrigo"]
[Black "Bortnyk, Olexandr"]
[WhiteFideId "3400042"]
[BlackFideId "14120828"]
[WhiteElo "2577"]
[BlackElo "2723"]
[Result "0-1"]
[Round "04"]
[TimeControl "180+1"]
[Date "2022.09.27"]
[WhiteClock "0:00:02"]
[BlackClock "0:00:23"]

1. d4 d6 2. Nf3 Nf6 3. g3 g6 4. Bg2 Bg7 5. O-O O-O 6. c4 Bf5 7. Nc3 Ne4 8. Nd5 c6 9. Ne3 Be6 10. b3 f5 11. Bb2 Nd7 12. Nc2 a5 13. Nce1 a4 14. Nd3 a3 15. Bc1 h6 16. e3 g5 17. Nd2 d5 18. cxd5 cxd5 19. Nf3 Qb6 20. Bd2 Rfc8 21. Bb4 Bf6 22. Rc1 Qb5 23. Qe2 g4 24. Nd2 Bf7 25. Rfd1 Ng5 26. Bf1 Rc6 27. Rxc6 bxc6 28. Rc1 h5 29. Bc3 h4 30. Nf4 hxg3 31. hxg3 Qb7 32. Bg2 Kg7 33. f3 gxf3 34. Nxf3 Ne4 35. Nh4 Nxg3 36. Nxf5+ Nxf5 37. Qg4+ Kh8 38. Qxf5 Rg8 39. Kf2 Rg5 40. Rh1+ Kg8 41. Qh7+ Kf8 42. Qh6+ Ke8 43. Bh3 Nf8 44. Nd3 Rg6 45. Qf4 Bg5 46. Qh2 Rf6+ 47. Ke2 Qb5 48. Kd2 Rf3 49. Re1 Bg6 50. Ne5 Bf4 51. Qg2 Bxe5 52. dxe5 Qd3+ 0-1


[Site "https://www.chess.com"]

[Event "Titled Tuesday Blitz September 27 Late 2022"]
[White "Wagner, Dennis"]
[Black "Jobava, Baadur"]
[WhiteFideId "24650684"]
[BlackFideId "13601520"]
[WhiteElo "2355"]
[BlackElo "2582"]
[Result "0-1"]
[Round "04"]
[TimeControl "180+1"]
[Date "2022.09.27"]
[WhiteClock "0:00:03"]
[BlackClock "0:01:56"]

1. e4 e6 2. d4 d5 3. Nc3 dxe4 4. Nxe4 Bd7 5. Nf3 Bc6 6. Bd3 Nd7 7. O-O Ngf6 8. Ng3 g6 9. b3 Bg7 10. Ba3 Bf8 11. Bxf8 Kxf8 12. c4 Kg7 13. Re1 Bxf3 14. Qxf3 c6 15. a3 Qb6 16. b4 Qxd4 17. Qe2 Rhd8 18. Rad1 Qc3 19. h4 h5 20. Qe3 Qxa3 21. Qg5 Nf8 22. Bxg6 Nxg6 23. Rxd8 Rxd8 24. Nxh5+ Nxh5 25. Qxd8 Qxb4 26. Rc1 Nhf4 0-1


[Site "https://www.chess.com"]

[Event "Titled Tuesday Blitz September 27 Late 2022"]
[White "Wieczorek, Oskar"]
[Black "Wachinger, Guenther"]
[WhiteFideId "1133950"]
[BlackFideId "4604261"]
[WhiteElo "2302"]
[BlackElo "2212"]
[Result "1-0"]
[Round "04"]
[TimeControl "180+1"]
[Date "2022.09.27"]
[WhiteClock "0:00:04"]
[BlackClock "0:00:03"]

1. e4 c5 2. Nf3 d6 3. d4 cxd4 4. Nxd4 Nf6 5. Nc3 g6 6. Bc4 Bg7 7. O-O O-O 8. h3 Nc6 9. Re1 Bd7 10. Bb3 a6 11. Be3 Rc8 12. Qd2 Re8 13. Rad1 Ne5 14. Bh6 Bh8 15. f4 Nc4 16. Bxc4 Rxc4 17. e5 Nh5 18. b3 Rc8 19. g4 Ng7 20. exd6 exd6 21. Nd5 Ne6 22. Nf3 Bc6 23. f5 Bxd5 24. Qxd5 Qb6+ 25. Be3 Nc5 26. Qxd6 Qxd6 27. Rxd6 Ne4 28. Rd7 Rxc2 29. Bh6 Rcc8 30. Rxb7 Nc5 31. Rxe8+ Rxe8 32. Rc7 Nd3 33. Rc6 Nb4 34. Rb6 Nxa2 35. f6 Nc1 36. g5 a5 37. Kg2 Nd3 38. Rb5 Nf4+ 39. Kg3 Ne2+ 40. Kf2 Nc1 41. Nd4 Nd3+ 42. Kf3 Ne5+ 43. Kg2 Nd3 44. Rxa5 Nf4+ 45. Kf3 Nh5 46. Rd5 Nxf6 47. gxf6 Bxf6 48. Be3 Rb8 49. Nb5 Bg7 50. Bf4 Rc8 51. Rd3 h6 52. Nd6 Rc6 53. b4 g5 54. Bg3 Rc2 55. Rb3 Rd2 56. b5 Bd4 57. b6 Bxb6 58. Rxb6 Rd3+ 59. Kg2 h5 60. Bf2 h4 61. Ne4 Rd5 62. Nf6+ 1-0


[Site "https://www.chess.com"]

[Event "Titled Tuesday Blitz September 27 Late 2022"]
[White "Ansh M Shah"]
[Black "Shandrygin, Nikita"]
[WhiteFideId "25033379"]
[BlackFideId "24198668"]
[WhiteElo "1819"]
[BlackElo "2323"]
[Result "0-1"]
[Round "05"]
[TimeControl "180+1"]
[Date "2022.09.28"]
[WhiteClock "0:00:09"]
[BlackClock "0:00:06"]

1. d4 Nf6 2. c4 e6 3. g3 d5 4. Bg2 Be7 5. Nf3 O-O 6. O-O c6 7. Qc2 b6 8. Nbd2 Bb7 9. e4 dxe4 10. Nxe4 Nbd7 11. Bf4 c5 12. Nd6 Bxd6 13. Bxd6 Re8 14. Rfd1 Qc8 15. Ne5 Bxg2 16. Kxg2 Qb7+ 17. Kg1 cxd4 18. Rxd4 Nxe5 19. Bxe5 Nd7 20. Bd6 Rac8 21. Rad1 e5 22. Rd5 f6 23. Qb3 Qc6 24. Ba3 Nf8 25. Bxf8 Rxf8 26. c5 Kh8 27. cxb6 Qxb6 28. Qxb6 axb6 29. Rb5 Rc6 30. Rd2 h6 31. h4 Rfc8 32. Kf1 Kh7 33. Ke2 Kg6 34. a4 h5 35. Rb4 Rc4 36. Rxc4 Rxc4 37. b3 Rb4 38. Rd3 Re4+ 39. Re3 Rd4 40. Rd3 Re4+ 41. Kd2 Kf5 42. Kc3 Re1 43. Rd2 e4 44. Rb2 Kg4 45. Kb4 Kf3 46. Kb5 Re2 47. Rxe2 Kxe2 48. Kxb6 Kxf2 49. a5 e3 50. a6 e2 51. a7 e1=Q 52. a8=Q Qe3+ 53. Kc7 Qxb3 54. Qf8 Qxg3+ 55. Kd7 Kg2 56. Ke6 Kh3 57. Kf7 Kxh4 58. Qd6 Qxd6 0-1


[Site "https://www.chess.com"]

[Event "Titled Tuesday Blitz September 27 Late 2022"]
[White "Azaiez, Fahmi"]
[Black "Leiva, Gianmarco"]
[WhiteFideId "5500818"]
[BlackFideId "3804399"]
[WhiteElo "2498"]
[BlackElo "2323"]
[Result "1-0"]
[Round "05"]
[TimeControl "180+1"]
[Date "2022.09.28"]
[WhiteClock "0:00:18"]
[BlackClock "0:00:49"]

1. e4 c5 2. Nf3 d6 3. d4 cxd4 4. Nxd4 Nf6 5. Nc3 a6 6. Bc4 e6 7. Bb3 Be7 8. Be3 O-O 9. Qe2 Nc6 10. O-O-O Na5 11. g4 Nd7 12. Bxe6 fxe6 13. Nxe6 Qe8 14. Nc7 Qf7 15. Nxa8 Nc4 16. Nc7 Nxe3 17. fxe3 Nf6 18. h3 Bd8 19. N7d5 Nxd5 20. Nxd5 Qe6 21. Rhf1 Rxf1 22. Rxf1 Qxe4 23. Qf2 Qe8 24. Qf4 Be6 25. Qxd6 Bf7 26. Kb1 h6 27. a3 Bg5 28. Rf5 Qe4 29. Re5 Qc4 30. b3 Qf1+ 31. Kb2 Qxh3 32. Qd7 Kh7 33. Qxf7 Qxg4 34. Re8 Qd1 35. Qf5+ g6 36. Qf7# 1-0


[Site "https://www.chess.com"]

[Event "Titled Tuesday Blitz September 27 Late 2022"]
[White "Babazada, Khazar"]
[Black "Sokolovsky, Yahli"]
[WhiteFideId "13413554"]
[BlackFideId "2820242"]
[WhiteElo "2409"]
[BlackElo "1920"]
[Result "1-0"]
[Round "05"]
[TimeControl "180+1"]
[Date "2022.09.27"]
[WhiteClock "0:01:33"]
[BlackClock "0:00:03"]

1. Nf3 d5 2. g3 Bg4 3. Bg2 e6 4. O-O Nf6 5. b3 Bd6 6. Bb2 Nbd7 7. d3 O-O 8. Nbd2 c5 9. e4 d4 10. h3 Bxf3 11. Bxf3 e5 12. a4 Ne8 13. Nc4 Bc7 14. Bg2 Nd6 15. f4 Nxc4 16. bxc4 Rb8 17. Bc1 Bd6 18. f5 Be7 19. h4 Rc8 20. Bh3 Rc6 21. Bd2 Bf6 22. Kg2 Qe7 23. Rh1 Rfc8 24. Qc1 Rb8 25. Bg4 a6 26. Be2 b5 27. axb5 axb5 28. cxb5 Rxb5 29. g4 Qd8 30. g5 Be7 31. h5 h6 32. gxh6 gxh6 33. Bxh6 Kh7 34. Bd2 Nf6 35. Kf3 Qd7 36. Qg1 Rb8 37. Qh2 Rb2 38. Rag1 Rc8 39. Rg6 Rxc2 40. Rh6+ Kg8 41. Qg3+ 1-0


[Site "https://www.chess.com"]

[Event "Titled Tuesday Blitz September 27 Late 2022"]
[White "Barria Zuniga, Daniel"]
[Black "Vasquez Schroeder, Rodrigo"]
[WhiteFideId "3400816"]
[BlackFideId "3400042"]
[WhiteElo "2414"]
[BlackElo "2577"]
[Result "0-1"]
[Round "05"]
[TimeControl "180+1"]
[Date "2022.09.27"]
[WhiteClock "0:00:03"]
[BlackClock "0:00:25"]

1. d4 Nf6 2. c4 e6 3. Nf3 Bb4+ 4. Nbd2 b6 5. g3 Bb7 6. Bg2 O-O 7. O-O Bxd2 8. Qxd2 d6 9. b3 Nbd7 10. Bb2 Qe7 11. Rad1 Ne4 12. Qc2 f5 13. d5 e5 14. Nh4 g6 15. Bxe4 fxe4 16. Qxe4 Nc5 17. Qe3 Rae8 18. b4 Nd7 19. f3 a5 20. a3 axb4 21. axb4 g5 22. Ng2 b5 23. cxb5 Nb6 24. Qb3 Qd7 25. e4 Qxb5 26. Ne3 Bc8 27. Qc2 Rf7 28. Qd2 h6 29. Kg2 Ref8 30. Ba1 Bd7 31. h3 Nc4 32. Nxc4 Qxc4 33. Rc1 Qa6 34. Rf2 Qb6 35. Rc3 Kh7 36. Qc1 Bxh3+ 37. Kxh3 Qxf2 38. Rxc7 Qxf3 39. Rxf7+ Rxf7 40. Qc8 Qh1+ 41. Kg4 Qxe4+ 42. Kh3 Qh1+ 43. Kg4 Qf3+ 44. Kh3 Qf5+ 45. Qxf5+ Rxf5 46. b5 Rf7 47. Bb2 Rb7 48. Ba3 Rxb5 49. Bxd6 Rxd5 0-1


[Site "https://www.chess.com"]

[Event "Titled Tuesday Blitz September 27 Late 2022"]
[White "Bartel, Mateusz"]
[Black "Naroditsky, Daniel"]
[WhiteFideId "1112635"]
[BlackFideId "2026961"]
[WhiteElo "2526"]
[BlackElo "2628"]
[Result "0-1"]
[Round "05"]
[TimeControl "180+1"]
[Date "2022.09.27"]
[WhiteClock "0:00:03"]
[BlackClock "0:00:05"]

1. Nf3 Nf6 2. c4 g6 3. g3 Bg7 4. Bg2 O-O 5. O-O d6 6. Nc3 e5 7. d3 Re8 8. Bg5 h6 9. Bxf6 Bxf6 10. Nd2 Bg7 11. Rb1 Nc6 12. b4 e4 13. Nd5 exd3 14. exd3 Nd4 15. Ne3 c6 16. Nb3 Nf5 17. Qf3 Qg5 18. h4 Qf6 19. Nxf5 Bxf5 20. Rfc1 Re7 21. Na5 Rae8 22. b5 cxb5 23. Rxb5 Qd4 24. Nb3 Qxd3 25. Qxd3 Bxd3 26. Rxb7 Rxb7 27. Bxb7 Re2 28. c5 dxc5 29. Rxc5 Re7 30. Bf3 h5 31. Rd5 Bb1 32. Ra5 Bc3 33. Ra6 Bd3 34. Rc6 Bb4 35. Bd5 Kg7 36. Bc4 Be4 37. Ra6 Rd7 38. f4 Be1 39. Kf1 Bxg3 40. Ke2 Bxf4 41. Nc5 Rc7 42. Nxe4 Rxc4 43. Kf3 Be5 44. Rxa7 Rc2 45. Ng5 Bc7 46. Ke4 Kf6 47. Nf3 Ke7 48. Nd4 Rc1 49. Kd5 Kd7 50. Nb5 f6 51. Ra6 Rd1+ 52. Kc4 Be5 53. Ra7+ Ke6 54. Ra6+ Kf5 55. a4 Rh1 56. Kd5 Rxh4 57. a5 Ra4 58. Ra8 h4 59. a6 h3 60. a7 h2 61. Rh8 g5 62. Kc6 g4 63. Kb7 g3 0-1


[Site "https://www.chess.com"]

[Event "Titled Tuesday Blitz September 27 Late 2022"]
[White "Baskakov, Egor"]
[Black "Melkumyan, Hrant"]
[WhiteFideId "24197866"]
[BlackFideId "13302485"]
[WhiteElo "2211"]
[BlackElo "2604"]
[Result "0-1"]
[Round "05"]
[TimeControl "180+1"]
[Date "2022.09.27"]
[WhiteClock "0:00:21"]
[BlackClock "0:00:18"]

1. e4 c6 2. d4 d5 3. e5 Bf5 4. Ne2 e6 5. Ng3 Bg6 6. h4 h6 7. h5 Bh7 8. Bd3 Bxd3 9. cxd3 c5 10. dxc5 Bxc5 11. d4 Bb4+ 12. Nc3 Ne7 13. Qg4 Rg8 14. O-O Bxc3 15. bxc3 Nbc6 16. Ba3 Qd7 17. f4 Nf5 18. Nxf5 exf5 19. Qf3 O-O-O 20. Bd6 Qe6 21. c4 Nxd4 22. Qd3 Rxd6 23. Qxd4 Rdd8 24. Qxa7 Qa6 25. Qc5+ Qc6 26. Qe7 Rd7 27. Qa3 Qa6 28. Qd3 dxc4 29. Qxf5 Rd8 30. a4 Kb8 31. Qg4 Qc6 32. Qxg7 Rd2 33. Qg3 R8d3 34. Qg7 Rb3 35. Qf8+ Ka7 36. Qg7 Rbb2 0-1


[Site "https://www.chess.com"]

[Event "Titled Tuesday Blitz September 27 Late 2022"]
[White "Besedes, Danilo"]
[Black "Boyer, Mahel"]
[WhiteFideId "946796"]
[BlackFideId "45102422"]
[WhiteElo "2352"]
[BlackElo "2454"]
[Result "1-0"]
[Round "05"]
[TimeControl "180+1"]
[Date "2022.09.28"]
[WhiteClock "0:00:18"]
[BlackClock "0:00:07"]

1. d4 d5 2. Bf4 Nd7 3. c3 c5 4. e3 Ngf6 5. Nd2 g6 6. Ngf3 Bg7 7. h3 O-O 8. Be2 b6 9. O-O Bb7 10. a4 a6 11. Re1 Ne8 12. Qb3 Nd6 13. Bf1 Re8 14. Bxd6 exd6 15. Rad1 Qc7 16. Rc1 Re7 17. c4 dxc4 18. Bxc4 Rae8 19. Bd5 Bc8 20. Bc4 Nf6 21. Red1 Bb7 22. Qa2 h6 23. Bf1 Qb8 24. a5 b5 25. dxc5 dxc5 26. Rxc5 Rd7 27. Rcc1 Red8 28. Qb1 Ne4 29. Qc2 Nxd2 30. Rxd2 Rxd2 31. Nxd2 Qd6 32. Ne4 Qe7 33. Nc5 Bd5 34. b4 Rd6 35. Rd1 Ba8 36. Rd3 Rxd3 37. Qxd3 Bc6 38. Be2 Be5 39. Bf3 Bxf3 40. gxf3 Bd6 41. Qd5 Qg5+ 42. Qxg5 hxg5 43. Nd3 Kf8 44. Kf1 Ke7 45. Ke2 Ke6 46. Kd2 Kd5 47. Kc3 f5 48. Kb3 Be7 49. Ne1 Bd6 50. Nc2 Be5 51. Ne1 Bd6 52. Ng2 Be5 53. Kc2 Kc4 54. h4 gxh4 55. Nxh4 Bf6 56. Nxg6 Kxb4 57. Nf4 Kxa5 58. Kb3 Bh4 59. Nd3 Kb6 60. e4 a5 61. exf5 Be7 62. Ne5 a4+ 63. Kc2 Kc5 64. f6 Bxf6 65. Nd7+ Kd4 66. Nxf6 b4 67. Ne4 a3 68. Kb3 Kd3 69. Nc5+ Kd4 70. Na6 a2 71. Kxa2 Kc3 72. Kb1 b3 73. Nc5 Kd4 74. Nxb3+ Kd3 75. Nd2 Kxd2 76. f4 Kd3 77. f5 Ke4 78. f6 Kd3 79. f7 Ke2 80. f8=Q Kf1 81. f4 Kf2 82. f5 Kf3 83. f6 Kf4 84. f7 Kf5 85. Qe8 Kg5 86. f8=Q 1-0


[Site "https://www.chess.com"]